 Dungeon Crawl Stone Soup version 0.31-a0-986-g5e6e4ef867 (webtiles) character file.

Game seed: 770977471848968797

443 Pooter the Chopper (level 6, -2/56 HPs)
             Began as a Minotaur Berserker on Nov 4, 2023.
             Was a Believer of Trog.
             Slain by a gnoll
             ... wielding a +0 flail
              (8 damage)
             ... on level 6 of the Dungeon.
             The game lasted 00:13:07 (3256 turns).

Pooter the Chopper (Minotaur Berserker)             Turns: 3256, Time: 00:13:08

Health: -2/56      AC:  6    Str: 24    XL:     6   Next: 71%
Magic:  5/5        EV: 10    Int:  4    God:    Trog [**....]
Gold:   63         SH:  0    Dex:  9    Spells: 5/5 levels left

rFire   . . .        a - +1 hand axe
rCold   . . .        (no shield)
rNeg    + . .        b - +0 scale mail
rPois   .            i - +0 hat
rElec   .            (no cloak)
rCorr   .            (no gloves)
SInv    +            (no boots)
Will    ++...        (no amulet) Stlth
                     N - ring of positive energy
HPRegen 1.29/turn    S - ring of see invisible
MPRegen 0.09/turn

%: no passive effects
@: strong-willed (expiring), on berserk cooldown, regenerating (expiring),
slowed, very slow
A: horns 2, retaliatory headbutt
a: Renounce Religion, Berserk, Trog's Hand


You were on level 6 of the Dungeon.
You worshipped Trog.
Trog was pleased with you.
You visited 1 branch of the dungeon, and saw 6 of its levels.

You collected 228 gold pieces.
You spent 165 gold pieces at shops.

Inventory:

Hand Weapons
 a - a +1 hand axe (weapon)
Missiles
 f - a throwing net {!f}
 h - 6 javelins (quivered)
 k - 9 poisoned darts
 Q - 75 stones
Armour
 b - a +0 scale mail (worn)
   (You found it on level 6 of the Dungeon)
 i - a +0 hat (worn)
   (You found it on level 3 of the Dungeon)
Jewellery
 N - a ring of positive energy (left hand)
   (You found it on level 1 of the Dungeon)
 S - a ring of see invisible (right hand)
   (You bought it in a shop on level 1 of the Dungeon)
Scrolls
 c - 2 scrolls of enchant armour
 d - a scroll of silence


   Skills:
 + Level 5.5 Fighting
 * Level 7.0 Axes
 + Level 3.6 Ranged Weapons
 - Level 2.4 Armour
 - Level 2.1 Dodging


You had 5 spell levels left.
You didn't know any spells.
Your spell library was empty.

Dungeon Overview and Level Annotations

Branches:
Dungeon (7/15) Zot: 26695
 Temple: D:4-7

Altars:
Fedhas
Nemelex Xobeh
Ru
Uskayaw
Wu Jian
Zin

Shops:
D:1 =*:[

Annotations:
D:3 1 runed translucent door, Crazy Yiuf


Innate Abilities, Weirdness & Mutations

You have a pair of horns on your head.
You reflexively headbutt those who attack you in melee.


Message History

Unknown command.
You slash the kobold!
You kill the kobold!
Trog accepts your kill.
You hit the kobold. You slash the kobold!
You kill the kobold!
Trog accepts your kill.
The sky beast flickers out of sight for a moment.
A gnoll comes into view. It is wielding a +0 whip.
The gnoll throws a throwing net.
The throwing net hits the sky beast.
The sky beast is caught in the net!
The sky beast struggles against the net.
You slash the gnoll! You barely miss the gnoll. Your headbutt misses the gnoll.
The sky beast struggles against the net.
The gnoll hits you with a +0 flail!
* * * LOW HITPOINT WARNING * * *
You completely miss the gnoll. You headbutt the gnoll.
You kill the gnoll!
Trog accepts your kill.
Your Axes skill increases to level 7!
The sky beast struggles against the net.
You feel a strong urge to attack something.
You are no longer berserk.
You are exhausted.
You feel yourself slow down.
The sky beast struggles against the net.
You fail to use your ability.
The sky beast struggles against the net.
The sky beast flickers out of sight for a moment.
The sky beast struggles against the net.
The net rips apart, and the sky beast comes free!
The gnoll throws a throwing net.
The throwing net closely misses you.
Your skin crawls.
You feel strong-willed. The sky beast closely misses you. The gnoll misses you.
Okay, then.
You aren't carrying any potions.
You miss the sky beast. You hit the gnoll but do no damage.
You feel the effects of Trog's Hand fading.
The sky beast hits you.
* * * LOW HITPOINT WARNING * * *
The sky beast shocks you.
* * * LOW HITPOINT WARNING * * *
The gnoll misses you. You furiously retaliate!
You headbutt the gnoll. The sky beast misses you. You furiously retaliate!
You headbutt the sky beast. You slash the sky beast! You hit the gnoll.
The gnoll hits you with a +0 flail!
You die...

...##................)..##
.....................####
..#..........#........##
..#.......##.#.........#
......##.....#....(...##
...##..###.#.#.........#
.......###.#...........#
#..........###..Yg.....#
##...#...g.#####@...####
#####...#..[#.....##
#####.......### #....#..##
#...##...# #...###..#
##### ####


You could see a sky beast and a gnoll.

Vanquished Creatures
  An ogre (D:6)
  A kobold brigand (D:6)
  A bullfrog (D:6)
  A hound (D:6)
  An orc priest (D:6)
  A sleepcap (D:6)
  An orc wizard (D:6)
  2 gnolls (D:6)
  An adder (D:2)
  2 ufetubi (D:6)
  4 worms (D:2)
  3 dart slugs
  3 orcs (D:6)
  3 bats
  3 endoplasms
  2 goblins (D:2)
  5 hobgoblins
  8 jackals (D:2)
  8 kobolds
  A quokka (D:2)
  5 ball pythons
  3 frilled lizards
  4 rats
64 creatures vanquished.

Notes
Turn   | Place    | Note
-------+----------+-------------------------------------------
     0 | D:1      | Pooter the Minotaur Berserker began the quest for the Orb.
     0 | D:1      | Reached XP level 1. HP: 19/19 MP: 0/0
   133 | D:1      | Found Fuyqewk's Jewellery Shoppe.
   164 | D:1      | Found Duoqushi's Book Shop.
   408 | D:1      | Found Jynenk's Armour Boutique.
   466 | D:1      | Found Deuff's Assorted Antiques.
   468 | D:1      | Reached skill level 4 in Axes
   506 | D:1      | Reached XP level 2. HP: 25/27 MP: 1/1
   728 | D:2      | Reached skill level 1 in Ranged Weapons
   878 | D:2      | Reached XP level 3. HP: 33/33 MP: 2/2
  1108 | D:2      | Found a faded altar of an unknown god.
  1110 | D:2      | Reached ** piety under Trog
  1595 | D:3      | Found a runed translucent door.
  1596 | D:3      | Noticed Crazy Yiuf
  1804 | D:3      | Reached XP level 4. HP: 40/40 MP: 3/3
  2069 | D:3      | Found a hide-covered altar of Uskayaw.
  2206 | D:1      | Bought a ring of see invisible for 165 gold pieces
  2431 | D:3      | Found a glowing silver altar of Zin.
  2431 | D:3      | Found a sparkling altar of Nemelex Xobeh.
  2498 | D:3      | Found an ornate altar of the Wu Jian Council.
  2502 | D:3      | Reached skill level 5 in Axes
  2699 | D:4      | Found a blossoming altar of Fedhas.
  2732 | D:4      | You fall into a shaft and drop 3 floors!
  2976 | D:6      | Noticed an ogre
  2984 | D:6      | Killed an ogre
  2985 | D:6      | Reached XP level 5. HP: 47/47 MP: 4/4
  3090 | D:6      | Reached skill level 6 in Axes
  3092 | D:6      | Reached skill level 5 in Fighting
  3155 | D:6      | Found a sacrificial altar of Ru.
  3179 | D:6      | Reached XP level 6. HP: 54/56 MP: 5/5
  3189 | D:6      | Noticed a sky beast
  3242 | D:6      | HP: 4/84 [gnoll/+0 flail (7)]
  3244 | D:6      | Reached skill level 7 in Axes
  3256 | D:6      | Slain by a gnoll

Illustrated notes

Levels and vault maps discovered:
D:1:      minmay_arrival_nine_rooms, layout_loops_cross, serial_shops,
          nicolae_shop_window_shopping, nicolae_shop_waterfront, shop, shop
D:2:      minmay_spotlight, layout_loops_ring,
          ebering_ecumenical_altar_abandoned
D:3:      layout_loops_corners, nzn_wu_jian_contemplation,
          nicolae_uskayaw_dance_hall, gammafunk_temple_overflow_elements,
          due_unseen_surprise, uniq_crazy_yiuf_cottage
D:4:      layout_rooms, cheibrodos_ashenzari_chains, fedhas_ov_isle_minmay,
          minmay_misc_feat_square
D:6:      layout_cave_pools, nicolae_ru_sacrificial_ziggurat
D:7:      layout_basic, marbit_many_paths, amcnicky_mini_rare_corridor_liquid,
          dk_noncrumbling_3, uniq_menkaure

Skill      XL: |  1  2  3  4  5  6 |
---------------+-------------------+-----
Axes           | 4 5 6 7 |  7.0
Ranged Weapons | 1 2 3 |  3.6
Fighting       | 4 5 |  5.5
Armour         | |  2.4
Dodging        | |  2.1

Action                     |  1- 3 |  4- 6 || total
---------------------------+-------+-------++-------
  Melee: Hand axe          |    91 |    41 ||   132
         Headbutt          |    14 |     9 ||    23
  Throw: Javelin           |       |     6 ||     6
 Invoke: Trog's Hand       |       |     3 ||     3
         Berserk           |       |     3 ||     3
    Use: Scroll            |     2 |     4 ||     6
         Potion            |       |     2 ||     2
 Armour: Animal skin       |     3 |       ||     3
         Ring mail         |    49 |    10 ||    59
         Scale mail        |       |    39 ||    39
  Dodge: Dodged            |    38 |    32 ||    70

Table legend: (Time is in decaauts)
 A = Elapsed time spent in this place.
 B = Non-inter-level travel time spent in this place.
 C = Inter-level travel time spent in this place.
 D = Time resting spent in this place.
 E = Time spent auto-exploring this place.
 F = Levels seen in this place.
 G = Mean time per level.
                   A        B        C        D        E       F      G
               +--------+--------+--------+--------+--------+-----+--------+
         Total |   3287 |   3046 |    241 |    328 |   2095 |   6 |  547.8 |
       Dungeon |   3287 |   3046 |    241 |    328 |   2095 |   6 |  547.8 |
               +--------+--------+--------+--------+--------+-----+--------+

Top non-repeatable levels by time:
     D:3: 1068 daAuts
     D:2: 944 daAuts
     D:1: 694 daAuts
     D:6: 302 daAuts
     D:7: 243 daAuts
     D:4: 33 daAuts
